AoeStats
← REHBITSCH4

Arena

508442957Analyzed
2v2 RM · 9d ago on Sep 22, 2026· 78m 1s· 4 players
Game mode
Random Map
Map size
Medium (4 player)
Population
200
Speed
Normal
Resources
Standard
Victory
Conquest
Starting age
Dark Age
Ending age
Imperial Age
RankedLock teamsTeams togetherTeam positionsShared explorationLock speedFull tech treeHidden civsTurbo modeCheats
Victory
Defeat
🇨🇭 Britons · Switzerland
761
+13
🇹🇷 Dravidians · Türkiye
711
+14
🇬🇧 Vikings · United Kingdom
686
-14
🇩🇪 Celts · Germany
679
-13
XRAdxSKiLLzX
0:27 Loom
12:59 Feudal Age
13:25 Horse Collar
13:34 Double-Bit Axe
14:24 Gold Mining
21:10 Fletching
24:29 Castle Age
25:34 Forging
25:25 Scale Mail Armor
25:23 Bodkin Arrow
25:29 Padded Archer Armor
25:33 Heavy Plow
25:51 Bow Saw
26:27 Stone Mining
28:05 Caravan
29:57 Iron Casting
29:38 Chain Mail Armor
29:39 Leather Archer Armor
30:25 Gold Shaft Mining
30:37 Fortified Wall
30:48 Ballistics
30:09 Treadmill Crane
30:49 Fortified Wall
31:00 Ballistics
35:33 Imperial Age
32:49 Elite Skirmisher
33:32 Guard Tower
36:39 Conscription
35:41 Elite Berserk
37:35 Chemistry
38:41 Heavy Scorpion
40:43 Squires
41:33 Bogsveigar
45:04 Plate Mail Armor
45:45 Crop Rotation
46:08 Bracer
47:32 Onager
49:11 Siege Engineers
49:03 Murder Holes
65:53 Two-Man Saw
70:15 Chieftains
78:40 Ring Archer Armor
79:11 Blast Furnace
REHBITSCH4
9:22 Feudal Age
9:53 Double-Bit Axe
9:52 Horse Collar
15:34 Wheelbarrow
19:09 Castle Age
17:35 Man-at-Arms
18:33 Forging
18:24 Scale Mail Armor
20:24 Bow Saw
19:52 Long Swordsman
21:28 Iron Casting
27:25 Gold Mining
27:43 Heavy Plow
32:56 Ballistics
35:09 Imperial Age
35:26 Capped Ram
35:46 Two-Handed Swordsman
37:00 Siege Ram
41:33 Heavy Scorpion
43:34 Champion
46:08 Blast Furnace
45:24 Chain Mail Armor
46:57 Stone Mining
68:32 Light Cavalry
69:15 Husbandry
xReddi
6:56 Loom
10:41 Feudal Age
13:11 Wheelbarrow
15:58 Castle Age
14:08 Horse Collar
14:50 Double-Bit Axe
15:58 Stone Mining
20:04 Fletching
20:15 Padded Archer Armor
21:50 Bodkin Arrow
22:10 Leather Archer Armor
23:11 Caravan
24:37 Gold Mining
25:16 Ballistics
28:57 Gold Shaft Mining
33:59 Imperial Age
32:08 Hand Cart
31:39 Town Watch
32:06 Heavy Plow
33:32 Town Patrol
33:17 Man-at-Arms
34:00 Long Swordsman
34:27 Gambesons
34:56 Bracer
35:29 Ring Archer Armor
36:04 Chemistry
35:59 Conscription
36:40 Fervor
36:51 Sanctity
36:17 Elite Longbowman
36:35 Two-Handed Swordsman
38:09 Bow Saw
38:40 Yeomen
40:05 Two-Man Saw
39:14 Scale Mail Armor
39:24 Forging
39:29 Guilds
39:04 Champion
40:14 Arson
43:28 Chain Mail Armor
43:49 Iron Casting
43:20 Squires
44:48 Plate Mail Armor
47:35 Warwolf
54:14 Blast Furnace
53:23 Siege Engineers
53:14 Murder Holes
53:29 Fortified Wall
53:30 Masonry
73:52 Coinage
77:12 Banking
mag8044
0:27 Loom
11:02 Feudal Age
17:24 Castle Age
15:27 Horse Collar
16:07 Double-Bit Axe
16:31 Stone Mining
17:00 Gold Mining
25:45 Bow Saw
25:57 Heavy Plow
26:42 Wheelbarrow
25:53 Town Watch
29:20 Hand Cart
30:26 Forging
30:16 Scale Mail Armor
31:38 Town Patrol
33:02 Chain Mail Armor
37:06 Imperial Age
36:00 Iron Casting
37:17 Heavy Scorpion
37:20 Elite Urumi Swordsman
39:13 Wootz Steel
39:16 Conscription
38:58 Padded Archer Armor
38:49 Fletching
39:26 Ballistics
40:09 Plate Mail Armor
40:40 Blast Furnace
61:17 Scale Barding Armor
63:40 Chain Barding Armor
62:58 Light Cavalry
63:39 Husbandry
Connection lost

Rejoining the realm…

Still unreachable

The connection could not be restored.

Session expired

The server has moved on; the page needs a fresh start.